 Dungeon Crawl Stone Soup version 0.30.0-11-gf55b779eaf (webtiles) character file.

Game seed: 14575795536014149846

182 Sobieck the Cudgeller (level 5, -4/32 HPs)
             Began as a Gargoyle Monk on May 16, 2023.
             Constricted to death by Natasha (6 damage)
             ... on level 3 of the Dungeon.
             The game lasted 00:03:59 (1675 turns).

Sobieck the Cudgeller (Gargoyle Monk)               Turns: 1675, Time: 00:03:59

Health: -4/32      AC: 11    Str: 16    XL:     5   Next: 62%
Magic:  5/5        EV:  8    Int: 11    God:
Gold:   157        SH:  0    Dex: 12    Spells: 4/4 levels left

rFire   . . .        b - +0 demon blade {long}
rCold   . . .        d - orb {light}
rNeg    + . .        i - +0 ring mail
rPois   ∞            s - +1 helmet
rElec   +            (no cloak)
rCorr   .            (no gloves)
SInv    .            (no boots)
Will    .....        (no amulet)
Stlth   +            (no ring)
HPRegen 0.25/turn    (no ring)
MPRegen 0.09/turn

%: no passive effects
@: grasped by roots, glowing, constricted
A: sickness immunity, AC +4, negative energy resistance 1, electricity
resistance, torment resistance 1, petrification resistance
a: no special abilities


You were on level 3 of the Dungeon.
You visited 1 branch of the dungeon, and saw 3 of its levels.

You collected 157 gold pieces.


Innate Abilities, Weirdness & Mutations

You are immune to sickness and miasma.
Your stone body is resilient. (AC +4)
You are immune to poison.
You resist negative energy. (rN+)
You are resistant to electric shocks. (rElec)
You are resistant to unholy torment.
You are immune to petrification.


   Skills:
 - Level 3.2 Fighting
 + Level 0.2 Long Blades
 - Level 6.1 Maces & Flails
 - Level 2.4 Dodging


You had 4 spell levels left.
You didn't know any spells.
Your spell library contained the following spells:

 Spells                   Type           Power      Damage    Failure   Level
 Blink                    Tloc           0%         N/A       71%         2
 Lesser Beckoning         Tloc           0%         N/A       71%         2
 Momentum Strike          Conj/Tloc      0%         3d8       71%         2

Inventory:

Hand Weapons
 a - a +0 mace {mace}
 b - a +0 demon blade (weapon) {long}
   (You found it on level 3 of the Dungeon)
 u - a +0 flail {mace}
   (You took it off a gnoll on level 1 of the Dungeon)
 E - the +7 short sword "Grim" {freeze, rN++ Int+5, short}
   (You found it on level 3 of the Dungeon)

   Int:       It affects your intelligence (+5).
   rN:        It greatly protects you from negative energy.
Missiles
 e - 28 stones (quivered) {throwing}
 o - 6 boomerangs {throwing}
 G - 4 poisoned darts {throwing}
Armour
 d - an orb of light (worn)
 i - a +0 ring mail (worn)
   (You found it on level 1 of the Dungeon)
 n - a +0 ring mail
   (You found it on level 1 of the Dungeon)
 s - a +1 helmet (worn)
   (You found it on level 1 of the Dungeon)
 v - the +0 robe of Anaesthesia {rN+ rCorr}
   (You found it on level 2 of the Dungeon)

   rN:        It protects you from negative energy.
   rCorr:     It protects you from acid and corrosion.
 x - a +0 leather armour
   (You took it off an orc on level 2 of the Dungeon)
 y - a +0 leather armour
   (You took it off an orc on level 2 of the Dungeon)
 A - a +0 robe
   (You took it off a hobgoblin on level 2 of the Dungeon)
 B - a +0 robe
   (You took it off an orc wizard on level 2 of the Dungeon)
 D - a +0 leather armour
   (You found it on level 3 of the Dungeon)
 F - a +0 leather armour
   (You took it off an orc on level 3 of the Dungeon)
Scrolls
 f - a scroll of teleportation {unknown}
 g - a scroll of vulnerability {unknown}
 l - 4 scrolls of identify {unknown}
 p - a scroll of enchant weapon {unknown}
 t - a scroll of blinking {unknown}
 z - a scroll of silence {unknown}
 C - a scroll of enchant armour {unknown}
Potions
 h - a potion of haste {unknown}
 j - a potion of resistance {unknown}
 k - 2 potions of curing {unknown}
 m - a potion of degeneration {unknown}
 q - a potion of lignification {unknown}
 r - a potion of magic {unknown}
 w - a potion of heal wounds {unknown}

Dungeon Overview and Level Annotations

Branches:
Dungeon (3/15) Zot: 16283

Altars:
Makhleb

Annotations:
D:3 Grinder, Natasha

... ..# #.# ..#
# #.## ..# .##
##
###.##h.##...
#.##..........#
#.#.#.#).....##
#...##........
##h###..######
#@# #..######
#5# #.<......
#.. #.#######
###.#.#
.#.#####
#.....# #####.#
#.# #.#


You could see Grinder and Natasha.


Message History

Unknown command.
Grinder closely misses you.
Unknown command.
You slash Grinder! Grinder closely misses you.
Unknown command.
You closely miss Grinder.
Natasha hisses angrily.
Grinder gestures at you.
You suddenly lose the ability to move!
Natasha stares at you and mumbles some strange words.
The magic dart hits you but does no damage.
Grinder hits you. x2
You writhe in agony.
Grinder says, "DUCK!"
Grinder hits you.
You writhe in agony.
Natasha claws you but does no damage.
You can move again.
You hit Grinder but do no damage. Grinder hits you!
* * * LOW HITPOINT WARNING * * *
You writhe in agony.
* * * LOW HITPOINT WARNING * * *
Natasha barely misses you. Grinder barely misses you.
You hit Grinder. Natasha casts a spell at you. The magic dart hits you.
* * * LOW HITPOINT WARNING * * *
Grinder hits you but does no damage.
Unknown command.
Unknown command.
You are confused.
You feel invigorated.
Natasha zaps a wand.
The roots erupt in riotous growth!
The grasping roots grab you!
Natasha is unaffected.
Grinder is unaffected.
The grasping roots constrict you.
Grinder blinks!
Unknown command.
Unknown command.
You bump into the rock wall.
Natasha completely misses you. The grasping roots constrict you.
Grinder gestures at you.
You suddenly lose the ability to move!
Natasha claws you but does no damage. The grasping roots constrict you.
Grinder says, "Mostly I couldn't keep them alive."
Grinder gestures at you.
You barely resist. Natasha claws you but does no damage.
The grasping roots constrict you.
Grinder says, "There's only one good use for a tongue: cutting it out."
Grinder hits you.
You writhe in agony.
* * * LOW HITPOINT WARNING * * *
The grasping roots release their grip on you.
Natasha casts a spell at you. The magic dart hits you.
* * * LOW HITPOINT WARNING * * *
Grinder hits you.
* * * LOW HITPOINT WARNING * * *
You writhe in agony.
* * * LOW HITPOINT WARNING * * *
Natasha stares at you and mumbles some strange words.
The magic dart hits you.
* * * LOW HITPOINT WARNING * * *
Grinder hits you but does no damage.
You can move again.
You hit Grinder but do no damage.
Natasha zaps a wand.
The roots erupt in riotous growth!
The grasping roots grab you!
Natasha is unaffected.
Grinder is unaffected.
The grasping roots constrict you.
* * * LOW HITPOINT WARNING * * *
Grinder gestures at you. Pain shoots through your body!
* * * LOW HITPOINT WARNING * * *
Natasha growls.
Natasha claws you but does no damage. The grasping roots constrict you.
* * * LOW HITPOINT WARNING * * *
You hit Grinder. Grinder closely misses you.
Natasha claws you but does no damage. The grasping roots constrict you.
* * * LOW HITPOINT WARNING * * *
Grinder barely misses you.
Unknown command.
You bump into the rock wall.
Natasha claws you but does no damage. The grasping roots constrict you.
* * * LOW HITPOINT WARNING * * *
Grinder hits you but does no damage.
The grasping roots release their grip on you.
Unknown command.
You hit Grinder.
You feel less invigorated.
You feel less confused.
Natasha mumbles some strange words.
Natasha's front paws start to glow.
Natasha zaps a wand.
The roots erupt in riotous growth!
The grasping roots grab you!
Natasha is unaffected.
Grinder is unaffected.
The grasping roots constrict you.
* * * LOW HITPOINT WARNING * * *
Grinder gestures at you.
You are unaffected.
You hit Grinder. Natasha claws you!
* * * LOW HITPOINT WARNING * * *
The grasping roots constrict you.
You die...

Skill      XL: |  1  2  3  4  5 |
---------------+----------------+-----
Maces & Flails | 4 5 6 |  6.1
Fighting       | |  3.2
Long Blades    | |  0.2
Dodging        | |  2.4

Action                     |  1- 3 |  4- 6 || total
---------------------------+-------+-------++-------
  Melee: Mace              |    77 |       ||    77
         Flail             |     6 |    51 ||    57
         Demon blade       |       |    14 ||    14
    Use: Potion            |       |     1 ||     1
 Armour: Robe              |     1 |       ||     1
         Ring mail         |    24 |    38 ||    62
  Dodge: Dodged            |    57 |    33 ||    90

Levels and vault maps discovered:
D:1:      minmay_arrival_four_houses, layout_basic,
          hellmonk_ecumenical_altar_run_dry
D:2:      layout_rooms, basic_altar, minmay_tetromino_s2
D:3:      layout_loops_ring, uniq_grinder, uniq_natasha

Notes
Turn   | Place    | Note
-------+----------+-------------------------------------------
     0 | D:1      | Sobieck the Gargoyle Monk began the quest for the Orb.
     0 | D:1      | Reached XP level 1. HP: 14/14 MP: 1/1
    13 | D:1      | You pick up a book of Spatial Translocations and begin
                  | reading...
    13 | D:1      | You add the spells Blink, Momentum Strike and Lesser
                  | Beckoning to your library.
    57 | D:1      | Found a faded altar of an unknown god.
   143 | D:1      | Reached XP level 2. HP: 19/19 MP: 2/2
   462 | D:1      | Reached skill level 4 in Maces & Flails
   549 | D:1      | Reached XP level 3. HP: 23/23 MP: 3/3
   914 | D:2      | Reached XP level 4. HP: 22/28 MP: 4/4
   921 | D:2      | Reached skill level 5 in Maces & Flails
   944 | D:2      | Identified the +0 robe of Anaesthesia {rN+ rCorr}
  1101 | D:2      | Reached XP level 5. HP: 24/32 MP: 5/5
  1299 | D:2      | Found a burning altar of Makhleb.
  1440 | D:3      | Noticed Natasha
  1445 | D:3      | Killed Natasha
  1446 | D:3      | Reached skill level 6 in Maces & Flails
  1605 | D:3      | Identified the +7 short sword "Grim" {freeze, rN++ Int+5}
  1655 | D:3      | Noticed Grinder
  1656 | D:3      | Noticed Natasha
  1659 | D:3      | Paralysed by Grinder for 4 turns
  1664 | D:3      | HP: 4/32 [Natasha/magic dart (6)]
  1666 | D:3      | Paralysed by Grinder for 5 turns
  1669 | D:3      | HP: 8/32 [Grinder (2)]
  1675 | D:3      | HP: 2/32 [Natasha (8)]
  1675 | D:3      | Constricted to death by Natasha

Vanquished Creatures
  An orc priest (D:2)
  An orc wizard (D:2)
  Natasha (D:3)
  4 gnolls
  An adder (D:2)
  2 dart slugs
  4 orcs
  5 bats
  2 endoplasms (D:1)
  2 giant cockroaches (D:2)
  4 hobgoblins
  2 jackals (D:2)
  A quokka (D:2)
  5 ball pythons
  3 frilled lizards
  3 goblins (D:1)
  9 kobolds
  5 rats
55 creatures vanquished.

Table legend:
 A = Non-vault XP
 B = Vault XP
 C = Vault XP percentage of total XP
 D = Non-vault monster count
 E = Vault monster count
 F = Vault count percentage of total count
                 A         B        C        D         E       F
            +---------+---------+-------+---------+---------+-------
      Total |     227 |      34 |  13.0 |      53 |       2 |   3.6
            +---------+---------+-------+---------+---------+-------
        D:1 |      64 |       0 |   0.0 |      25 |       0 |   0.0
        D:2 |     154 |       1 |   0.6 |      23 |       1 |   4.2
        D:3 |       9 |      33 |  78.6 |       5 |       1 |  16.7
            +---------+---------+-------+---------+---------+-------

Skill      XL: |  1  2  3  4  5 |
---------------+----------------+-----
Maces & Flails | 4 5 6 |  6.1
Fighting       | |  3.2
Long Blades    | |  0.2
Dodging        | |  2.4

Action                     |  1- 3 |  4- 6 || total
---------------------------+-------+-------++-------
  Melee: Mace              |    77 |       ||    77
         Flail             |     6 |    51 ||    57
         Demon blade       |       |    14 ||    14
    Use: Potion            |       |     1 ||     1
 Armour: Robe              |     1 |       ||     1
         Ring mail         |    24 |    38 ||    62
  Dodge: Dodged            |    57 |    33 ||    90

Illustrated notes

Table legend:
 A = Kills in this place as a percentage of kills in the entire game.
 B = Kills by you in this place as a percentage of kills by you in the entire game.
 C = Kills by friends in this place as a percentage of kills by friends in the entire game.
 D = Other kills in this place as a percentage of other kills in the entire game.
 E = Experience gained in this place as a percentage of experience gained in the entire game.
 F = Experience gained in this place divided by the number of levels of this place that you have seen.
                   A       B       C       D       E      F
               +-------+-------+-------+-------+-------+----------------------
         Total | 100.0 | 100.0 |   N/A |   N/A | 100.0 |  87.0
       Dungeon | 100.0 | 100.0 |   N/A |   N/A | 100.0 |  87.0
               +-------+-------+-------+-------+-------+----------------------

Table legend: (Time is in decaauts)
 A = Elapsed time spent in this place.
 B = Non-inter-level travel time spent in this place.
 C = Inter-level travel time spent in this place.
 D = Time resting spent in this place.
 E = Time spent auto-exploring this place.
 F = Levels seen in this place.
 G = Mean time per level.
                   A        B        C        D        E       F      G
               +--------+--------+--------+--------+--------+-----+--------+
         Total |   1715 |   1662 |     53 |     62 |   1173 |   3 |  571.7 |
       Dungeon |   1715 |   1662 |     53 |     62 |   1173 |   3 |  571.7 |
               +--------+--------+--------+--------+--------+-----+--------+

Top non-repeatable levels by time:
     D:1: 869 daAuts
     D:2: 578 daAuts
     D:3: 268 daAuts
